 Dungeon Crawl Stone Soup version 0.26-a0-27-g1f0226971c (webtiles) character file.

Game seed: 5131188745736374544, levelgen mode: deterministic

78 Dirian the Shield-Bearer (level 4, 0/40 HPs)
             Began as a Minotaur Fighter on May 27, 2020.
             Killed by divine providence
             ... invoked by an orc priest
              (14 damage)
             ... on level 3 of the Dungeon.
             The game lasted 00:01:46 (1793 turns).

Dirian the Shield-Bearer (Minotaur Fighter)         Turns: 1793, Time: 00:01:48

Health: 0/40       AC:  7    Str: 22    XL:     4   Next: 15%
Magic:  3/3        EV:  7    Int:  5    God:
Gold:   45         SH:  9    Dex:  9    Spells: 3/3 levels left

rFire    . . .     SeeInvis .   a - +0 war axe
rCold    . . .     Gourm    .   c - +0 kite shield
rNeg     . . .     Faith    .   b - +0 scale mail
rPois    .         Spirit   .   (helmet restricted)
rElec    .         Reflect  .   (no cloak)
rCorr    .         Harm     .   (no gloves)
MR       .....                  (no boots)
Stlth    ..........             (no amulet)
HPRegen  0.13/turn              (no ring)
MPRegen  0.08/turn              (no ring)

@: no status effects
A: retaliatory headbutt, horns 2
a: no special abilities


You were on level 3 of the Dungeon.
You were hungry.

You visited 1 branch of the dungeon, and saw 3 of its levels.

You collected 45 gold pieces.

Inventory:

Hand Weapons
 a - a +0 war axe (weapon)
Armour
 b - a +0 scale mail (worn)
 c - a +0 kite shield (worn)
Scrolls
 e - a scroll of fog {unknown}
 i - 2 scrolls of identify {unknown}
 j - a scroll of remove curse {unknown}
 m - a scroll of magic mapping {unknown}
 n - a scroll of noise {unknown}
 o - a scroll of amnesia {unknown}
 p - 3 scrolls of fear {unknown}
Potions
 d - 2 potions of might
 g - a potion of magic {unknown}
 h - 2 potions of curing {unknown}
 k - a potion of ambrosia {unknown}
 l - a potion of heal wounds {unknown}
 q - a potion of haste {unknown}
Comestibles
 f - 5 rations


   Skills:
 + Level 4.1 Fighting
 * Level 3.9 Axes
 + Level 4.2 Armour
 + Level 4.3 Shields


You had 3 spell levels left.
You didn't know any spells.
Your spell library was empty.

Dungeon Overview and Level Annotations

Branches:
Dungeon (3/15)

Altars:
Nemelex Xobeh
Xom


Innate Abilities, Weirdness & Mutations

You reflexively headbutt those who attack you in melee.
You have a pair of horns on your head.


Message History

The orc priest is severely wounded.
Your shield and scale mail prevent you from hitting the kobold.
The orc priest looks encouraged for a moment.
You block the kobold's attack.
The orc priest calls upon Beogh to heal the orc priest.
The orc priest is healed somewhat.
You block the orc priest's attack. The kobold completely misses you.
You furiously retaliate!
You headbutt the kobold!
You kill the kobold!
You closely miss the orc priest.
The orc priest is moderately wounded.
The orc priest miscasts a cantrip.
You block the orc priest's attack.
You hit the orc priest.
The orc priest is moderately wounded.
You closely miss the orc priest.
The orc priest hits you but does no damage.
The orc priest calls down the wrath of Beogh upon you.
Beogh smites you!
You die...

.. #.#............#
##'########..............#
.........................#
..................###.######
..................###......#
...........................#
.............o........≈≈≈..#
P..#.......oo###....PP..≈.#
...P...o....#@###.....≈≈♣..#
.....o...?..#..............#
.P♣≈........##.##.####.....#
.♣≈≈≈.K[?...##.##.# .....#
♣≈o≈♣....####..#.# .....#
≈≈≈♣≈P##### #.(#.# ....
♣≈≈≈.. #..#.# ≈... #....# ♣.
#.#..#


You could see 3 orc priests.

Vanquished Creatures
  2 adders (D:2)
  An ooze (D:1)
  A worm (D:2)
  A dart slug (D:2)
  A leopard gecko (D:1)
  2 orcs (D:3)
  3 bats
  4 giant cockroaches
  5 goblins
  4 hobgoblins
  7 jackals (D:1)
  2 quokkas (D:2)
  2 frilled lizards
  4 kobolds
  7 rats
46 creatures vanquished.

Notes
Turn   | Place    | Note
-------+----------+-------------------------------------------
     0 | D:1      | Dirian the Minotaur Fighter began the quest for the Orb.
     0 | D:1      | Reached XP level 1. HP: 19/19 MP: 0/0
    56 | D:1      | Reached XP level 2. HP: 27/27 MP: 1/1
   318 | D:1      | Reached XP level 3. HP: 29/33 MP: 2/2
   639 | D:2      | Found a sparkling altar of Nemelex Xobeh.
  1375 | D:2      | Reached XP level 4. HP: 40/40 MP: 3/3
  1520 | D:2      | Found a shimmering altar of Xom.
  1793 | D:3      | Killed from afar by an orc priest

Illustrated notes

Levels and vault maps discovered:
D:1:      denvon_arrival_waterhouse, layout_rooms, corexii_corridor_pit
D:2:      layout_basic, overflow_temple_1_default,
          nemelex_xobeh_ov_fountains_minmay, minmay_misc_feat_hallway
D:3:      layout_basic, serial_bayou, serial_bayou_shore_b, serial_bayou_pond_e,
          serial_bayou_ford_a, serial_bayou_pond_a, uniq_sigmund

Skill      XL: |  1  2 |
---------------+-------+-----
Shields        | 4 |  4.3
Armour         | 4 |  4.2
Axes           | 3 |  3.9
Fighting       | 4 |  4.1

Action                   |  1- 3 |  4- 6 || total
-------------------------+-------+-------++-------
Melee: War axe           |   103 |    23 ||   126
       Headbutt          |    10 |     3 ||    13
  Eat: Chunk             |     2 |       ||     2
Armor: Scale mail        |    46 |     8 ||    54
Dodge: Dodged            |    44 |     4 ||    48
Block: Kite shield       |    58 |    12 ||    70

Table legend:
 A = Non-vault XP
 B = Vault XP
 C = Vault XP percentage of total XP
 D = Non-vault monster count
 E = Vault monster count
 F = Vault count percentage of total count
                 A         B        C        D         E       F
            +---------+---------+-------+---------+---------+-------
      Total |     112 |       0 |   0.0 |      46 |       0 |   0.0
            +---------+---------+-------+---------+---------+-------
        D:1 |      44 |       0 |   0.0 |      22 |       0 |   0.0
        D:2 |      57 |       0 |   0.0 |      18 |       0 |   0.0
        D:3 |      11 |       0 |   0.0 |       6 |       0 |   0.0
            +---------+---------+-------+---------+---------+-------
